 Dungeon Crawl Stone Soup version 0.27-a0-1502-g47ed6a6988 (webtiles) character file.

Game seed: 5411672280803094033

2711 Lanoc the Frost Mage (level 9, -1/51 HPs)
             Began as a Merfolk Ice Elementalist on July 8, 2021.
             Was an Elder of Hepliaklqana.
             Slain by a cyclops (27 damage)
             ... on level 7 of the Dungeon on July 9, 2021.
             The game lasted 00:14:25 (10775 turns).

Lanoc the Frost Mage (Merfolk Ice Elementalist)    Turns: 10775, Time: 00:14:25

Health: -1/51      AC:  8    Str:  9    XL:     9   Next: 66%
Magic:  9/12       EV: 16    Int: 17    God:    Hepliaklqana [****..]
Gold:   674        SH:  0    Dex: 14    Spells: 5/12 levels left

rFire    . . .     SeeInvis .   h - staff of cold
rCold    + . .     Faith    .   (no shield)
rNeg     . . .     Spirit   .   C - +0 steam dragon scales
rPois    .         Reflect  .   (no helmet)
rElec    .         Harm     .   e - +2 cloak
rCorr    .         Rampage  .   (no gloves)
Will     .....                  (no boots)
Stlth    ++........             (no amulet)
HPRegen  0.17/turn              (no ring)
MPRegen  0.13/turn              (no ring)

@: freezing walls
A: reduced essence, (nimble swimmer 2), mertail
a: Renounce Religion, Recall Ancestor, Ancestor Identity, Transference, Idealise


You were on level 7 of the Dungeon.
You worshipped Hepliaklqana.
Hepliaklqana was greatly pleased with you.
You visited 2 branches of the dungeon, and saw 8 of its levels.
You also visited: Sewer.

You collected 1074 gold pieces.
You spent 400 gold pieces at shops.

Inventory:

Hand Weapons
 p - a +0 dagger of speed
Missiles
 u - a throwing net
 x - a curare-tipped dart
Armour
 e - a +2 cloak (worn)
 C - +0 steam dragon scales (worn)
Magical Staves
 h - a staff of cold (weapon)
Wands
 c - a wand of iceblast (28)
 k - a wand of flame (31)
Scrolls
 b - 5 scrolls of amnesia
 g - 4 scrolls of teleportation
 i - a scroll of silence
 l - a scroll of vulnerability
 m - a scroll of blinking {unknown}
 n - 3 scrolls of fear {unknown}
 o - 2 scrolls of immolation
 q - a scroll of enchant armour
 y - a scroll of magic mapping
Potions
 d - 2 potions of lignification
 f - 2 potions of berserk rage
 j - 3 potions of mutation
 r - 3 potions of curing
 s - a potion of flight
 t - 2 potions of heal wounds
 w - 2 potions of invisibility
 z - 2 potions of magic
 A - a potion of haste
 B - a potion of ambrosia


   Skills:
 + Level 10.0 Dodging
 - Level 2.1 Stealth
 - Level 2.0 Spellcasting
 * Level 12.1 Ice Magic


You had 5 spell levels left.
You knew the following spells:

 Your Spells              Type           Power      Damage    Failure   Level
a - Freeze                Ice            100%       1d11      1%          1
b - Frozen Ramparts       Ice            100%       1d12      1%          3
c - Ozocubu's Armour      Ice            59%        N/A       1%          3

Your spell library contained the following spells:

 Spells                   Type           Power      Damage    Failure   Level
 Hailstorm                Conj/Ice       33%        3d8       16%         4
 Static Discharge         Conj/Air       1%         N/A       28%         2
 Dazzling Flash           Conj/Hex       2%         N/A       50%         3
 Inner Flame              Hex/Fire       1%         N/A       50%         3
 Stone Arrow              Conj/Erth      2%         3d7       50%         3
 Animate Armour           Summ/Erth      2%         N/A       88%         4
 Cause Fear               Hex            0%         N/A       88%         4
 Agony                    Necr           1%         N/A       99%         5
 Lightning Bolt           Conj/Air       0%         1d11      99%         5
 Silence                  Hex/Air        0%         N/A       99%         5
 Discord                  Hex            0%         N/A       100%        8
 Lehudib's Crystal Spear  Conj/Erth      0%         10d2      100%        8
 Maxwell's Capacitive Co  Air            0%         ∞         100%        8


Dungeon Overview and Level Annotations

Branches:
Dungeon (7/15)             Temple (1/1) D:7           Sewer (visited)

Altars:
Cheibriados
Hepliaklqana
Kikubaaqudgha
Yredelemnul
Zin

Shops:
D:7 !

Annotations:
D:5 2 transporters, PeterMcNeter's ghost, novice DEVM


Innate Abilities, Weirdness & Mutations

Your life essence is reduced to manifest your ancestor. (-10% HP)
((You are quick and stealthy near water. (Stealth+, EV+, Speed+++)))
Your lower body shifts to a powerful aquatic tail in water.


Message History

The water moccasin seems to slow down.
The water moccasin barely misses you.
Casting: Freeze (safe; 1% risk of failure)
Confirm with . or Enter, or press ? or * to list all spells.
Aiming: Freeze (safe; 1% risk of failure)
Press: ? - help, Shift-Dir - straight line, f/p - water moccasin
Aim: a water moccasin (severely wounded, slow, ally target)
You feel a surge of power!
You freeze the water moccasin!
You kill the water moccasin!
Your Dodging skill increases to level 10!
The frozen ramparts melt away.
You swap places.
a - a scroll of identify
As you read the scroll of identify, it crumbles to dust.
v - a potion of attraction You swap places.
You swap places.
You see here a water moccasin corpse.
Found 16 arrows.
You swap places.
You swap places.
A cyclops comes into view.
Drop what? 28/52 slots (_ for help) (? for menu, Esc to quit)
Autopickup disabled for potions of attraction.
You drop a potion of attraction.
Casting: Freeze (safe; 1% risk of failure)
Confirm with . or Enter, or press ? or * to list all spells.
Casting: Frozen Ramparts (safe; 1% risk of failure)
Press: ? - help, Dir - look around, f - activate You feel a surge of power!
The walls around you are covered in ice.
You hit the cyclops but do no damage.
The wall freezes the cyclops!
The cyclops hits you!!
You hit the cyclops but do no damage.
The cyclops is moderately wounded.
The wall freezes the cyclops!
The cyclops misses you.
You hit the cyclops but do no damage.
The cyclops is heavily wounded.
The wall freezes the cyclops.
The cyclops hits you!!
Ouch! That really hurt!
You die...

..# .#######.. # ### #### #
#... ### #... #.# #... .####
+... ..#.# # ... #.#######
#... ..R## .##..# #.#R!.#..
##.. ..#.# #....###.#@#.#.#
#.# ...## #..#..##.#C#.#.# #.#
....# ..#...#.#.#.#.# #.#
.#..# #.#.#.#.#.#.#.# #.#
#..### #.#.#.#.#.#.#.## #
..#..# #...#.#.#.#....# #
.#..####...##..#.###.## ....##
# ....#.#..#.[#..#......#
....._# #
8.8.....###....######.##.....#
#


You could see the friendly Qinisela the knight and a cyclops (ally target).

Vanquished Creatures
  A steam dragon (D:7)
  A water moccasin (D:7)
  An orc warrior (D:6)
  A black bear (D:4)
  A centaur (D:7)
  An ogre (D:5)
  A kobold brigand (D:7)
  A bullfrog (D:7)
  A scorpion (D:5)
  A howler monkey (D:6)
  2 electric eels (D:7)
  2 hounds
  2 centaur skeletons
  2 orc priests
  2 jellies
  2 iguanas (D:4)
  3 orc wizards
  10 gnolls
  6 adders
  3 ufetubi
  A worm (D:2)
  2 dart slugs (D:1)
  20 orcs
  5 ball pythons
  6 bats
  4 endoplasms (D:2)
  2 giant cockroaches
  12 goblins (D:4)
  26 hobgoblins
  5 jackals
  14 kobolds
  9 quokkas
  A frilled lizard (D:2)
  4 rats
155 creatures vanquished.

Vanquished Creatures (collateral kills)
  A centaur zombie (D:6)
  A black bear (D:7)
  Purgy (Sewer)
  An ogre (D:4)
  A centaur (D:7)
  A wyvern skeleton (D:5)
  2 electric eels (D:7)
  2 bullfrog zombies
  A jelly (D:7)
  2 centaur skeletons
  An iguana (D:6)
  An orc wizard (D:7)
  An adder (D:6)
  8 gnolls
  A howler monkey skeleton (D:5)
  A worm (D:3)
  4 orcs
  An endoplasm (D:4)
  A giant cockroach (D:4)
  9 hobgoblins (D:4)
  A bat (Sewer)
  12 goblins (D:4)
  A kobold (D:7)
55 creatures vanquished.

Vanquished Creatures (others)
  A knight (D:5)
1 creature vanquished.

Grand Total: 211 creatures vanquished

Notes
Turn   | Place    | Note
-------+----------+-------------------------------------------
     0 | D:1      | Lanoc the Merfolk Ice Elementalist began the quest for the
                  | Orb.
     0 | D:1      | Reached XP level 1. HP: 13/13 MP: 3/3
   544 | D:1      | Reached XP level 2. HP: 9/19 MP: 0/5
   959 | D:1      | Found a faded altar of an unknown god.
  1028 | D:1      | Became a worshipper of Hepliaklqana the Forgotten
  1028 | D:1      | Reached * piety under Hepliaklqana
  1253 | D:1      | Reached skill level 5 in Ice Magic
  1686 | D:2      | Reached XP level 3. HP: 19/21 MP: 1/6
  1690 | D:2      | Learned a level 3 spell: Frozen Ramparts
  2681 | D:2      | Reached XP level 4. HP: 27/27 MP: 2/7
  2963 | D:2      | Reached ** piety under Hepliaklqana
  2964 | D:2      | Remembered your ancestor Qinisela as a knight
  3919 | D:3      | Found a glowing silver altar of Zin.
  4178 | D:4      | Noticed an ogre
  4189 | D:4      | Killed an ogre
  4190 | D:4      | Reached skill level 6 in Ice Magic
  4190 | D:4      | Reached XP level 5. HP: 31/31 MP: 4/8
  4417 | D:4      | Reached skill level 5 in Dodging
  4417 | D:4      | Reached XP level 6. HP: 36/36 MP: 5/9
  4492 | D:4      | Reached skill level 7 in Ice Magic
  4705 | D:4      | Noticed a black bear
  4717 | D:4      | Killed a black bear
  5209 | D:4      | Reached XP level 7. HP: 41/41 MP: 4/10
  5591 | D:4      | Reached skill level 8 in Ice Magic
  6499 | D:4      | Learned a level 3 spell: Ozocubu's Armour
  6545 | D:5      | Entered Level 5 of the Dungeon
  6545 | D:5      | Reached *** piety under Hepliaklqana
  6609 | D:5      | Reached skill level 9 in Ice Magic
  6636 | D:5      | Identified 2 scrolls of acquirement
  6637 | D:5      | Acquired a staff of cold
  6640 | D:5      | Acquired 484 gold pieces
  6658 | D:5      | Reached XP level 8. HP: 13/46 MP: 7/11
  6905 | D:5      | Found a glowing drain.
  6909 | Sewer    | Entered a sewer
  6976 | Sewer    | Noticed Purgy
  6993 | Sewer    | Killed Purgy
  7281 | D:5      | Found a transporter.
  7579 | D:5      | Noticed PeterMcNeter's ghost (novice DEVM)
  7590 | D:5      | Found a transporter.
  8039 | D:6      | Reached skill level 10 in Ice Magic
  8444 | D:6      | Reached XP level 9. HP: 38/51 MP: 9/12
  8584 | D:6      | Reached skill level 11 in Ice Magic
  8697 | D:6      | Reached **** piety under Hepliaklqana
  9342 | D:7      | Found a staircase to the Ecumenical Temple.
  9380 | Temple   | Entered the Ecumenical Temple
  9758 | D:7      | Found Ylyotil's Distillery.
  9768 | D:7      | Bought a potion of magic for 80 gold pieces
  9768 | D:7      | Bought a potion of magic for 80 gold pieces
  9768 | D:7      | Bought a potion of haste for 100 gold pieces
  9768 | D:7      | Bought a potion of lignification for 30 gold pieces
  9768 | D:7      | Bought a potion of ambrosia for 80 gold pieces
  9768 | D:7      | Bought a potion of curing for 30 gold pieces
 10140 | D:7      | Found a basalt altar of Yredelemnul.
 10140 | D:7      | Found an ancient bone altar of Kikubaaqudgha.
 10601 | D:7      | Reached skill level 12 in Ice Magic
 10674 | D:7      | Reached skill level 10 in Dodging
 10769 | D:7      | Noticed a cyclops
 10775 | D:7      | Slain by a cyclops

Illustrated notes

Levels and vault maps discovered:
D:1:      minmay_arrival_radiant_lines, layout_loops_corners,
          shapermc_ecumenical_altar_mp_vishouse
D:2:      layout_basic, minivault_4, minmay_quadrilaterals
D:3:      layout_loops_ring, mainiacjoe_overflow_alcove_1
D:4:      minmay_goblin_kobold_castle, layout_loops_ring, patterned_corridor
D:5:      layout_basic, gup_sewer_entry_bowl, gammafunk_ghost_mausoleum
D:6:      layout_layer_cave, chequers_jeans
D:7:      wad_crossroads, layout_basic, nicolae_overflow_hidden_temple,
          minmay_temple_entry_hall, serial_shops,
          nicolae_shop_temple_entry_statues_fountains, minivault_14,
          nrook_pool_corridor
Temple:   nicolae_temple_elliptical

Skill      XL: |  1  2  3  4  5  6  7  8  9 |
---------------+----------------------------+-----
Dodging        | 3 4 5 7 8 10 | 10.0
Ice Magic      | 5 6 7 9 10 12 | 12.1
Stealth        | |  2.1
Spellcasting   | |  2.0

Action                   |  1- 3 |  4- 6 |  7- 9 || total
-------------------------+-------+-------+-------++-------
Melee: Unarmed           |    48 |    29 |       ||    77
       Dagger            |       |       |    52 ||    52
       Staff             |       |       |    60 ||    60
 Cast: Freeze            |    54 |    25 |    26 ||   105
       Frozen Ramparts   |     2 |    13 |    36 ||    51
Invok: Ancestor Life: Kn |       |     1 |       ||     1
       Recall Ancestor   |       |       |     1 ||     1
Evoke: Wand              |       |       |     4 ||     4
  Use: Scroll            |       |       |    19 ||    19
       Potion            |       |       |     3 ||     3
 Stab: Sleeping          |       |     1 |     1 ||     2
Armor: Robe              |    29 |     6 |    51 ||    86
       Skin              |       |       |    13 ||    13
       Steam dragon scal |       |       |    15 ||    15
Dodge: Dodged            |    50 |    42 |   161 ||   253

Table legend: (Time is in decaauts)
 A = Elapsed time spent in this place.
 B = Non-inter-level travel time spent in this place.
 C = Inter-level travel time spent in this place.
 D = Time resting spent in this place.
 E = Time spent auto-exploring this place.
 F = Levels seen in this place.
 G = Mean time per level.
                   A        B        C        D        E       F      G
               +--------+--------+--------+--------+--------+-----+--------+
         Total |  10709 |  10514 |    195 |    171 |   9048 |   9 | 1189.9 |
       Dungeon |  10570 |  10375 |    195 |    171 |   8969 |   7 | 1510.0 |
        Temple |      1 |      1 |      0 |      0 |      0 |   1 |    1.0 |
         Sewer |    137 |    137 |      0 |      0 |     79 |   1 |  137.0 |
               +--------+--------+--------+--------+--------+-----+--------+

Top non-repeatable levels by time:
     D:4: 2468 daAuts
     D:2: 1640 daAuts
     D:1: 1602 daAuts
     D:7: 1482 daAuts
     D:6: 1435 daAuts
     D:5: 1170 daAuts
     D:3: 771 daAuts
   Sewer: 137 daAuts
  Temple: 1 daAuts
